 Dungeon Crawl Stone Soup version 0.21-a0-630-g344d351 (webtiles) character file.

7 KristoblXynda the Charmwright (level 1, 0/10 HPs)
             Began as a Spriggan Skald on Dec 25, 2017.
             Slain by an ooze (4 damage)
             ... on level 1 of the Dungeon.
             The game lasted 00:00:40 (194 turns).

KristoblXynda the Charmwright (Spriggan Skald)       Turns: 194, Time: 00:00:41

Health: 0/10       AC:  2    Str:  7    XL:     1   Next: 83%
Magic:  5/5        EV: 19    Int: 14    God:
Gold:   0          SH:  0    Dex: 15    Spells: 4/5 levels left

rFire    . . .     SeeInvis +   a - +0 short sword
rCold    . . .     Gourm    .   (shield restricted)
rNeg     . . .     Faith    .   b - +0 robe
rPois    .         Spirit   .   (helmet restricted)
rElec    .         Reflect  .   (no cloak)
rCorr    .         Harm     .   (gloves unavailable)
MR       .....                  (boots unavailable)
Stlth    +.........             (no amulet)
HPRegen  0.03/turn              (no ring)
MPRegen  0.09/turn              (no ring)

@: very quick
A: very small, unfitting armour, see invisible, herbivore, speed 3, slow
metabolism 2
a: no special abilities


You were on level 1 of the Dungeon.
You were not hungry.

You visited 1 branch of the dungeon, and saw 1 of its levels.

Inventory:

Hand Weapons
 a - a +0 short sword (weapon)
Armour
 b - a +0 robe (worn)
Scrolls
 f - a scroll of noise {unknown}
 g - a scroll of teleportation {unknown}
Potions
 e - a potion of haste {unknown}
Books
 c - a book of Battle

   Spells                             Type                      Level
   a - Infusion                       Charms                       1
   b - Shroud of Golubria             Charms/Translocation         2
   c - Song of Slaying                Charms                       2
   d - Spectral Weapon                Hexes/Charms                 3
   e - Regeneration                   Charms/Necromancy            3
Comestibles
 d - a ration


   Skills:
 - Level 1.5 Fighting
 + Level 2.4 Short Blades
 + Level 3.8 Dodging
 - Level 2.6 Spellcasting
 + Level 4.6 Charms


You had 4 spell levels left.
You knew the following spells:

 Your Spells              Type           Power        Failure   Level  Hunger
a - Infusion              Chrm           ##..         3%          1    #......


Dungeon Overview and Level Annotations

Branches:
Dungeon (1/15)

Altars:


Innate Abilities, Weirdness & Mutations

You are very small and have problems with some larger weapons.
You are too small for most types of armour.
You have supernaturally acute eyesight. (SInv)
You are a herbivore.
You cover ground extremely quickly.
You need consume almost no food.


Message History

You start resting.
An ooze is nearby!
The ooze hits you.
* * * LOW HITPOINT WARNING * * *
You hit the ooze.
The ooze is moderately wounded.
The ooze closely misses you.
Found a robe.
Found a scroll labeled PIT VIFY UCW.
g - a scroll labeled PIT VIFY UCW You start resting.
A hobgoblin comes into view. It is wielding a club.
You start resting.
You hit the hobgoblin.
The hobgoblin is almost dead.
You hit the hobgoblin.
You kill the hobgoblin!
The ooze misses you.
You hit the ooze but do no damage. The ooze hits you.
You die...

#...####.####
#....#.#.##.J.....
##...........#
#....###....#....#
.............# #....#
#....#.K.g# ##...........#
###### #....#.....
.............# #....####.#
#....####.#############....#
#.#
#.....................#....#
#..
#...........####.)....#....#
### #.###.......#
#@##.#.#....# #.# #..†....#
#J##.#.# #.#
#.......####.##.#.#
..###............#....#
.............#######..#
#####........###...K.[#
.......#.##....##.#
.#...##.#.##..J....#
#.#...##.#.#.....#.##


You could see an ooze.

Vanquished Creatures
  A dart slug (D:1)
  2 bats (D:1)
  A hobgoblin (D:1)
  A rat (D:1)
5 creatures vanquished.

Notes
Turn   | Place    | Note
-------+----------+-------------------------------------------
     0 | D:1      | KristoblXynda the Spriggan Skald began the quest for the Orb.
     0 | D:1      | Reached XP level 1. HP: 10/10 MP: 5/5
   194 | D:1      | Slain by an ooze

Vault maps used:
D:1:      dpeg_arrival_windows_large_door

Action                   || total
-------------------------++-------
Melee: Short sword       ||    22
Armor: Robe              ||     4
Dodge: Dodged            ||    17

Table legend:
 A = Spawn XP
 B = Non-spawn XP
 C = Spawn XP percentage of total XP
 D = Spawn monster count
 E = Non-spawn monster count
 F = Spawn count percentage of total count
 G = Total turns spent on level
                    A         B        C        D         E        F      G
               +---------+---------+-------+---------+---------+-------+---------
         Total |       0 |      10 |   0.0 |       0 |       5 |   0.0 |   194
               +---------+---------+-------+---------+---------+-------+---------
           D:1 |       0 |      10 |   0.0 |       0 |       5 |   0.0 |   194
               +---------+---------+-------+---------+---------+-------+---------
